 Dungeon Crawl Stone Soup version 0.30-a0-122-g2a1322497e (webtiles) character file.

Game seed: 5298812097307401723

779 avis the Insei (level 7, -2/46 HPs)
             Began as an Octopode Transmuter on Sept 15, 2022.
             Was an Initiate of Gozag.
             Succumbed to Eustachio's poison
             ... on level 4 of the Dungeon on Sept 16, 2022.
             The game lasted 00:39:48 (8169 turns).

avis the Insei (Octopode Transmuter)                Turns: 8169, Time: 00:39:51

Health: -2/46      AC:  2    Str:  9    XL:     7   Next: 85%
Magic:  5/11       EV: 19    Int: 18    God:    Gozag
Gold:   254        SH:  5    Dex: 17    Spells: 0/12 levels left

rFire   + + .      SeeInvis .      - Unarmed
rCold   . . .      Faith    .    (shield currently unavailable)
rNeg    . . .      Spirit   .    (helmet currently unavailable)
rPois   x          Reflect  +    y - amulet of reflection
rElec   .          Harm     .    b - ring of resist corrosion
rCorr   +          Rampage  .    x - ring of protection from fire
Will    .....                    h - ring of protection from fire
Stlth   +++.......               (no ring)
HPRegen 0.15/turn                (no ring)
MPRegen 0.12/turn                (no ring)
                                 (no ring)
                                 (no ring)

@: lethally poisoned (-2 -> -69), spider-form, very slightly contaminated
A: venomous fangs, almost no armour, (amphibious), 8 rings, tiny, (camouflage
1), (gelatinous body 1), (nimble swimmer 1), (tentacles)
a: End Transformation, Renounce Religion, Potion Petition, Call Merchant, Bribe
Branch


You were on level 4 of the Dungeon.
You worshipped Gozag.
Gozag was aware of your devotion.
You were a venomous arachnid creature.
You visited 2 branches of the dungeon, and saw 7 of its levels.

You collected 331 gold pieces.
You paid 77 gold pieces to Gozag.

Inventory:

Hand Weapons
 v - a +0 sling
 w - a +1 mace of protection
Missiles
 n - a throwing net
Jewellery
 b - a ring of resist corrosion (left front leg)
 h - a ring of protection from fire (on tentacle)
 x - a ring of protection from fire (right front leg)
 y - an amulet of reflection (around neck)
Wands
 k - a wand of iceblast (8)
Scrolls
 c - a scroll of poison {unknown}
 f - 2 scrolls of immolation {unknown}
 g - 2 scrolls of fear {unknown}
 A - 3 scrolls of magic mapping {unknown}
Potions
 a - a potion of lignification
 d - a potion of magic
 e - a potion of brilliance {unknown}
 j - 2 potions of might
 o - a potion of curing
 p - a potion of heal wounds {unknown}
 s - a potion of cancellation {unknown}
 t - a potion of resistance {unknown}
 u - a potion of berserk rage {unknown}


   Skills:
 - Level 3.0 Fighting
 - Level 2.0 Dodging
 - Level 5.0 Stealth
 * Level 6.7 Unarmed Combat
 - Level 3.0 Spellcasting
 - Level 3.0 Transmutations
 - Level 1.0 Poison Magic


You couldn't memorise any spells.
You knew the following spells:

 Your Spells              Type           Power      Damage    Failure   Level
a - Beastly Appendage     Tmut           26%        N/A       14%         1
b - Blink                 Tloc           4%         N/A       45%         2
c - Passwall              Tmut/Erth      6%         N/A       30%         2
p - Spider Form           Tmut/Pois      9%         N/A       43%         3
q - Ice Form              Ice/Tmut       8%         N/A       83%         4

Your spell library contained the following spells:

 Spells                   Type           Power      Damage    Failure   Level
 Wereblood                Tmut           13%        N/A       19%         2
 Magic Dart               Conj           8%         1d3       34%         1
 Ensorcelled Hibernation  Hex/Ice        4%         N/A       45%         2
 Searing Ray              Conj           4%         2d4       45%         2
 Lesser Beckoning         Tloc           2%         N/A       65%         3
 Swiftness                Air            2%         N/A       65%         3
 Fulminant Prism          Conj/Hex       1%         3d6       95%         4
 Manifold Assault         Tloc           2%         N/A       95%         4


Dungeon Overview and Level Annotations

Branches:
Dungeon (6/15)             Temple (1/1) D:5

Altars:
Dithmenos
Elyvilon
Fedhas
Gozag
Hepliaklqana
Makhleb
Nemelex Xobeh
Qazlal
Ru
Wu Jian
Xom
Yredelemnul
Zin
The Shining One

Shops:
D:3 (

Annotations:
D:4 Eustachio


Innate Abilities, Weirdness & Mutations

You are a venomous arachnid creature.
You have poisonous fangs.
You are tiny and dextrous.
Your spellcasting is less reliable in this form.
Your armour is entirely melded.
You are incapable of wielding weapons or throwing items.
You cannot wear most types of armour.
((You are amphibious.))
You can wear up to eight rings at the same time.
((Your skin changes colour to match your surroundings (Stealth+).))
((Your rubbery body absorbs attacks. (AC +1, EV +1)))
((You are camouflaged when in or above water. (Stealth+)))
((You have tentacles for arms and can constrict up to eight enemies at once.))


Message History

The spell is quite dangerous to miscast (22% risk of failure)!
Continue anyway?
You turn into a venomous arachnid creature.
You climb downwards.
Level annotation: Eustachio The steam dragon breathes steam at you.
The ball of steam hits you. You resist.
There is a stone staircase leading up here.
You climb upwards.
Your transformation is almost over.
There is a stone staircase leading down, spattered with blood here.
You start resting.
Your transformation has ended.
You start resting.
Magic restored.
You start resting.
HP restored.
Casting: Spider Form (quite dangerous; 22% risk of failure)
Confirm with . or Enter, or press ? or * to list all spells.
The spell is quite dangerous to miscast (22% risk of failure)!
Continue anyway?
You miscast Spider Form.
You are very lightly contaminated with residual magic.
Nothing appears to happen.
Casting: Spider Form (quite dangerous; 22% risk of failure)
Confirm with . or Enter, or press ? or * to list all spells.
The spell is quite dangerous to miscast (22% risk of failure)!
Continue anyway?
You turn into a venomous arachnid creature.
You climb downwards.
Level annotation: Eustachio The steam dragon breathes steam at you.
The ball of steam hits you! You resist.
Eustachio hits you with a +5 rapier of venom!
You are lethally poisoned!
There is a stone staircase leading up here.
You feel extremely sick.
Eustachio is engulfed in a cloud of scalding steam.
Eustachio hits you with a +5 rapier of venom.
You are more poisoned.
You climb upwards.
You die...
Your body crumbles into a pile of gold.

))..# #.##...............#
##(.# #.##.##.####.###...# #..#
#.##.##.# #.####.## #..#
#.##'##.# ##....#.# #..#
#.......# #...#.#.# ##..###
##.....## #.#...#.# ....#.##
##.......###...#...#
##.#...####.........#..#..[####
..........'.....s...'....#....#
##.#...####.....@...#..#....#.#
#.##.## ##.......##....#.##.#
#.#### ##.....####.#......# #.#
##...## #...#.#..# #.# ##'##
#.#...#..# #.# #.# #...#.#..#
#.# #.## ###......# ##.#####
##..###########.##


You could see Eustachio.

Vanquished Creatures
  A black bear (D:5)
  An ogre (D:4)
  A phantom (D:4)
  A scorpion (D:5)
  4 jellies
  A hound (D:5)
  An iguana (D:4)
  10 gnolls
  9 adders
  2 worms
  2 dart slugs
  13 orcs
  5 endoplasms
  4 giant cockroaches
  7 goblins
  3 hobgoblins
  5 jackals
  7 quokkas
  11 ball pythons
  9 bats
  4 frilled lizards
  6 kobolds
  5 rats
  A spectral goblin (D:1)
113 creatures vanquished.

Notes
Turn   | Place    | Note
-------+----------+-------------------------------------------
     0 | D:1      | avis the Octopode Transmuter began the quest for the Orb.
     0 | D:1      | Reached XP level 1. HP: 13/13 MP: 3/3
    17 | D:1      | Noticed an electric eel
    33 | D:1      | Reached skill level 1 in Stealth
   208 | D:1      | Reached XP level 2. HP: 15/18 MP: 3/5
   578 | D:1      | Found a faded altar of an unknown god.
   796 | D:1      | Reached XP level 3. HP: 15/24 MP: 6/6
  1303 | D:1      | Learned a level 3 spell: Spider Form
  1454 | D:2      | Reached XP level 4. HP: 11/29 MP: 3/7
  1831 | D:2      | Reached skill level 1 in Poison Magic
  2384 | D:2      | Learned a level 2 spell: Blink
  2553 | D:2      | You fall into a shaft and drop 2 floors!
  2737 | D:4      | Noticed a phantom
  2787 | D:4      | Found an ornate altar of the Wu Jian Council.
  2876 | D:3      | Found a burning altar of Makhleb.
  3084 | D:3      | Reached XP level 5. HP: 31/34 MP: 4/8
  3267 | D:2      | Reached skill level 4 in Unarmed Combat
  3616 | D:3      | Found a hazy altar of Hepliaklqana.
  3617 | D:3      | Found a shimmering altar of Xom.
  3618 | D:3      | Noticed a spectral ugly thing
  4109 | D:3      | Found a blossoming altar of Fedhas.
  4337 | D:3      | Found Qetyed's Weapon Emporium.
  4504 | D:3      | Found a sparkling altar of Nemelex Xobeh.
  4738 | D:4      | Reached XP level 6. HP: 6/42 MP: 3/9
  5240 | D:4      | Reached skill level 5 in Unarmed Combat
  5854 | D:4      | Reached XP level 7. HP: 46/46 MP: 8/11
  6272 | D:5      | Entered Level 5 of the Dungeon
  6281 | D:5      | Reached skill level 6 in Unarmed Combat
  6484 | D:5      | Learned a level 4 spell: Ice Form
  6486 | D:5      | Found a staircase to the Ecumenical Temple.
  6496 | Temple   | Entered the Ecumenical Temple
  6577 | Temple   | Became a worshipper of Gozag Ym Sagoz the Greedy
  6609 | Temple   | Learned a level 2 spell: Passwall
  6611 | Temple   | Learned a level 1 spell: Beastly Appendage
  6941 | D:5      | Reached skill level 5 in Stealth
  7557 | D:6      | Noticed a steam dragon
  7774 | D:6      | Noticed Eustachio
  8169 | D:4      | Succumbed to Eustachio's poison

Illustrated notes

Levels and vault maps discovered:
D:1:      arrival_aquarium_a, layout_loops_cross,
          dreamdust_ecumenical_altar_drowned_temple, kennysheep_boxes
D:2:      layout_loops_ring
D:3:      layout_loops_ring, regret_index_temple_of_mockery, bloody_makhleb,
          general_overflow_altar, fedhas_altar_2, serial_shops,
          nicolae_square_shop, minmay_increasing_density
D:4:      layout_loops_corners, kennysheep_little_box, minmay_misc_feat_pillars
D:5:      layout_cave_pools, minmay_temple_entry_ruins
D:6:      layout_layer_cave, nicolae_ashenzari_skybound, uniq_pikel,
          uniq_eustachio, uniq_crazy_yiuf_cottage, uniq_sigmund
Temple:   nicolae_temple_colour_theory

Skill      XL: |  1  2  3  4  5  6  7 |
---------------+----------------------+-----
Stealth        | 2 3 5 |  5.0
Fighting       | 2 3 |  3.0
Transmutations | 3 |  3.0
Poison Magic   | 1 |  1.0
Unarmed Combat | 4 5 6 |  6.7
Spellcasting   | 3 |  3.0
Dodging        | |  2.0

Action                   |  1- 3 |  4- 6 |  7- 9 || total
-------------------------+-------+-------+-------++-------
Melee: Unarmed           |    54 |   154 |    70 ||   278
       Kick              |    15 |     8 |     4 ||    27
       Constrict         |    12 |     7 |     2 ||    21
       Tentacles         |     9 |     4 |     2 ||    15
       Punch             |     1 |       |       ||     1
 Cast: Beastly Appendage |    16 |    15 |     2 ||    33
       Spider Form       |     1 |    34 |    18 ||    53
  Use: Scroll            |       |       |     6 ||     6
       Potion            |       |       |     1 ||     1
 Stab: Sleeping          |     9 |    21 |     2 ||    32
       Distracted        |       |     2 |     1 ||     3
Armor: Skin              |     2 |     4 |     1 ||     7
Dodge: Dodged            |    24 |   104 |    60 ||   188
Block: Other             |       |       |    16 ||    16

Table legend: (Time is in decaauts)
 A = Elapsed time spent in this place.
 B = Non-inter-level travel time spent in this place.
 C = Inter-level travel time spent in this place.
 D = Time resting spent in this place.
 E = Time spent auto-exploring this place.
 F = Levels seen in this place.
 G = Mean time per level.
                   A        B        C        D        E       F      G
               +--------+--------+--------+--------+--------+-----+--------+
         Total |   8159 |   7687 |    472 |   3395 |   2534 |   7 | 1165.6 |
       Dungeon |   8040 |   7589 |    451 |   3395 |   2470 |   6 | 1340.0 |
        Temple |    118 |     97 |     21 |      0 |     64 |   1 |  118.0 |
               +--------+--------+--------+--------+--------+-----+--------+

Top non-repeatable levels by time:
     D:4: 2072 daAuts
     D:3: 1814 daAuts
     D:1: 1692 daAuts
     D:5: 1248 daAuts
     D:2: 1182 daAuts
  Temple: 118 daAuts
     D:6: 30 daAuts
